| TOP OF THE 1ST |
|
Niagara Falls Phantoms batting - Pitching for Detroit Red Wings : LHP Ricky Herrera
|
|
Pitching: LHP Ricky Herrera
|
|
|
Batting: RHB Alfredo Mendez
|
0-0: Ball 1-0: Called Strike 1-1: Foul Ball, location: 2F 1-2: Fly out, F9 (Flyball, 9D, EV 106.9 MPH)
|
|
Batting: LHB Pete Cook
|
0-0: Ball 1-0: Called Strike 1-1: Swinging Strike 1-2: Foul Ball, location: 2F 1-2: Strikes out swinging
|
|
Batting: RHB Chris Horton
|
0-0: Foul Ball, location: 2F 0-1: Fly out, F7 (Line Drive, 7S, EV 96.9 MPH)
|
| Top of the 1st over - 0 runs, 0 hits, 0 errors, 0 left on base; Niagara Falls 0 - Detroit 0 |
| BOTTOM OF THE 1ST |
|
Detroit Red Wings batting - Pitching for Niagara Falls Phantoms : RHP Gene Buxton
|
|
Pitching: RHP Gene Buxton
|
|
|
Batting: RHB António Scarlett
|
0-0: Ball 1-0: Swinging Strike 1-1: Ball 2-1: SINGLE (Groundball, 4MD, EV 102.5 MPH)
|
|
Batting: LHB Duda Pinho
|
0-0: Called Strike 0-1: Foul Ball, location: 2F 0-2: Ball 1-2: Fielders Choice at 2nd, 5-4 (Groundball, 56, EV 101.9 MPH)
|
|
Batting: LHB Simon Barry
|
0-0: Ball 1-0: Called Strike 1-1: Ball Duda Pinho steals 2nd base 2-1: Fly out, F5 (Popup, 25, EV 86.2 MPH)
|
|
Batting: RHB Cody Kafer
|
0-0: Ball 1-0: Fly out, F8 (Flyball, 8LXD, EV 80.6 MPH)
|
| Bottom of the 1st over - 0 runs, 1 hit, 0 errors, 1 left on base; Niagara Falls 0 - Detroit 0 |
| TOP OF THE 2ND |
|
Niagara Falls Phantoms batting - Pitching for Detroit Red Wings : LHP Ricky Herrera
|
|
Batting: RHB Peter Frankel
|
0-0: Called Strike 0-1: Ball 1-1: Foul Ball, location: 2F 1-2: Ball 2-2: Foul Ball, location: 2F 2-2: Ball 3-2: Base on Balls
|
|
Batting: LHB Luis Ponce
|
0-0: Ball 1-0: Grounds into double play, 6-4-3 (Groundball, 6, EV 93.1 MPH)
|
|
Batting: SHB Bruce Shelton
|
0-0: Swinging Strike 0-1: Ball 1-1: Foul Ball, location: 2F 1-2: Foul Ball, location: 2F 1-2: Strikes out swinging
|
| Top of the 2nd over - 0 runs, 0 hits, 0 errors, 0 left on base; Niagara Falls 0 - Detroit 0 |
| BOTTOM OF THE 2ND |
|
Detroit Red Wings batting - Pitching for Niagara Falls Phantoms : RHP Gene Buxton
|
|
Batting: SHB Salvador Lacosta
|
0-0: Ball 1-0: Called Strike 1-1: Foul Ball, location: 2F 1-2: Ball 2-2: Strikes out swinging
|
|
Batting: RHB Victor Acuna
|
0-0: Called Strike 0-1: Ground out 4-3 (Groundball, 4, EV 86.2 MPH)
|
|
Batting: RHB Carlos Avila
|
0-0: DOUBLE (Line Drive, 89M, EV 96.2 MPH)
|
|
Batting: RHB Jason LeBlanc
|
0-0: Fly out, F5 (Flyball, 5D, EV 83.8 MPH)
|
| Bottom of the 2nd over - 0 runs, 1 hit, 0 errors, 1 left on base; Niagara Falls 0 - Detroit 0 |
| TOP OF THE 3RD |
|
Niagara Falls Phantoms batting - Pitching for Detroit Red Wings : LHP Ricky Herrera
|
|
Batting: RHB Randy Joyce
|
0-0: Called Strike 0-1: Called Strike 0-2: Ball 1-2: Ball 2-2: Foul Ball, location: 2F 2-2: Strikes out swinging
|
|
Batting: RHB Donald DeLisio
|
0-0: Called Strike 0-1: Ball 1-1: Ball 2-1: Called Strike 2-2: Strikes out swinging
|
|
Batting: SHB Ramon Werman
|
0-0: Ball 1-0: Called Strike 1-1: Called Strike 1-2: Fly out, F9 (Flyball, 89S, EV 95.0 MPH)
|
| Top of the 3rd over - 0 runs, 0 hits, 0 errors, 0 left on base; Niagara Falls 0 - Detroit 0 |
| BOTTOM OF THE 3RD |
|
Detroit Red Wings batting - Pitching for Niagara Falls Phantoms : RHP Gene Buxton
|
|
Batting: SHB Bill Casal
|
0-0: Called Strike 0-1: Foul Ball, location: 2F 0-2: Ball 1-2: Strikes out looking
|
|
Batting: RHB António Scarlett
|
0-0: Called Strike 0-1: Swinging Strike 0-2: Foul Ball, location: 2F 0-2: Ball 1-2: Ball 2-2: Ball 3-2: Foul Ball, location: 2F 3-2: SINGLE (Line Drive, 4D, EV 102.5 MPH)
|
|
Batting: LHB Duda Pinho
|
0-0: Foul Ball, location: 2F 0-1: Foul Ball, location: 2F 0-2: Ball 1-2: Ball 2-2: Ball 3-2: Base on Balls António Scarlett to second
|
|
Batting: LHB Simon Barry
|
0-0: Fly out, F6 (Line Drive, 6, EV 73.8 MPH) Lined into DP, 6-4 (Line Drive, 6, EV 70.6 MPH)
|
| Bottom of the 3rd over - 0 runs, 1 hit, 0 errors, 1 left on base; Niagara Falls 0 - Detroit 0 |
| TOP OF THE 4TH |
|
Niagara Falls Phantoms batting - Pitching for Detroit Red Wings : LHP Ricky Herrera
|
|
Batting: RHB Alfredo Mendez
|
0-0: Ball 1-0: Called Strike 1-1: Swinging Strike 1-2: Strikes out swinging
|
|
Batting: LHB Pete Cook
|
0-0: SINGLE (Groundball, 4MS, EV 60.0 MPH) (infield hit)
|
|
Batting: RHB Chris Horton
|
0-0: Ball 1-0: Ball 2-0: Ball 3-0: Base on Balls Pete Cook to second
|
|
Batting: RHB Peter Frankel
|
0-0: Ball 1-0: Ball 2-0: Ball 3-0: Called Strike 3-1: Called Strike 3-2: Strikes out looking
|
|
Batting: LHB Luis Ponce
|
0-0: Ball 1-0: Ball 2-0: Foul Ball, location: 2F 2-1: Called Strike 2-2: Strikes out swinging
|
| Top of the 4th over - 0 runs, 1 hit, 0 errors, 2 left on base; Niagara Falls 0 - Detroit 0 |
| BOTTOM OF THE 4TH |
|
Detroit Red Wings batting - Pitching for Niagara Falls Phantoms : RHP Gene Buxton
|
|
Batting: RHB Cody Kafer
|
0-0: Ball 1-0: Called Strike 1-1: Ball 2-1: Ball 3-1: Base on Balls
|
|
Batting: SHB Salvador Lacosta
|
0-0: Ball 1-0: Ball 2-0: Foul Ball, location: 2F 2-1: Ball 3-1: Base on Balls Cody Kafer to second
|
|
Batting: RHB Victor Acuna
|
0-0: Ball 1-0: Swinging Strike 1-1: Swinging Strike 1-2: Ball 2-2: Foul Ball, location: 2F 2-2: Ball 3-2: SINGLE (Line Drive, 4D, EV 102.5 MPH) Cody Kafer to third Salvador Lacosta to second
|
|
Batting: RHB Carlos Avila
|
0-0: Grounds into double play, 6-4-3 (Groundball, 6, EV 104.4 MPH) Cody Kafer scores Salvador Lacosta to third
|
|
Batting: RHB Jason LeBlanc
|
0-0: Called Strike 0-1: Ground out 6-3 (Groundball, 6, EV 101.9 MPH)
|
| Bottom of the 4th over - 1 run, 1 hit, 0 errors, 1 left on base; Niagara Falls 0 - Detroit 1 |
| TOP OF THE 5TH |
|
Niagara Falls Phantoms batting - Pitching for Detroit Red Wings : LHP Ricky Herrera
|
|
Batting: SHB Bruce Shelton
|
0-0: Called Strike 0-1: Ball 1-1: Ball 2-1: Foul Ball, location: 2F 2-2: Ball 3-2: Strikes out swinging
|
|
Batting: RHB Randy Joyce
|
0-0: Called Strike 0-1: Fly out, F9 (Flyball, 89M, EV 93.1 MPH)
|
|
Batting: RHB Donald DeLisio
|
0-0: Ball 1-0: Ball 2-0: Called Strike 2-1: Foul Ball, location: 2F 2-2: Ball 3-2: Strikes out looking
|
| Top of the 5th over - 0 runs, 0 hits, 0 errors, 0 left on base; Niagara Falls 0 - Detroit 1 |
| BOTTOM OF THE 5TH |
|
Detroit Red Wings batting - Pitching for Niagara Falls Phantoms : RHP Gene Buxton
|
|
Batting: SHB Bill Casal
|
0-0: Fly out, F8 (Flyball, 8RM, EV 91.9 MPH)
|
|
Batting: RHB António Scarlett
|
0-0: Called Strike 0-1: Ball 1-1: Swinging Strike 1-2: Strikes out swinging
|
|
Batting: LHB Duda Pinho
|
0-0: Called Strike 0-1: Ball 1-1: Ball 2-1: Fly out, F8 (Flyball, 8RXD, EV 81.9 MPH)
|
| Bottom of the 5th over - 0 runs, 0 hits, 0 errors, 0 left on base; Niagara Falls 0 - Detroit 1 |
| TOP OF THE 6TH |
|
Niagara Falls Phantoms batting - Pitching for Detroit Red Wings : LHP Ricky Herrera
|
|
Batting: SHB Ramon Werman
|
0-0: Swinging Strike 0-1: Foul Ball, location: 2F 0-2: Ball 1-2: Ball 2-2: Strikes out looking
|
|
Batting: RHB Alfredo Mendez
|
0-0: Ball 1-0: Ball 2-0: Called Strike 2-1: Called Strike 2-2: Strikes out swinging
|
|
Batting: LHB Pete Cook
|
0-0: Swinging Strike 0-1: Called Strike 0-2: Ball 1-2: Ball 2-2: Ball 3-2: Base on Balls
|
|
Pitching: RHP Felipe Torres
|
|
|
Batting: RHB Chris Horton
|
0-0: Foul Ball, location: 2F 0-1: Ball Pete Cook is caught stealing 2nd base 2-4
|
| Top of the 6th over - 0 runs, 0 hits, 0 errors, 0 left on base; Niagara Falls 0 - Detroit 1 |
| BOTTOM OF THE 6TH |
|
Detroit Red Wings batting - Pitching for Niagara Falls Phantoms : RHP Gene Buxton
|
|
Batting: LHB Simon Barry
|
0-0: Ball 1-0: Ball 2-0: Swinging Strike 2-1: Ball 3-1: Called Strike 3-2: SINGLE (Groundball, 34D, EV 95.6 MPH)
|
|
Batting: RHB Cody Kafer
|
0-0: Ball 1-0: Ball 2-0: Swinging Strike 2-1: Called Strike 2-2: Strikes out looking
|
|
Batting: SHB Salvador Lacosta
|
0-0: Ball 1-0: SINGLE (Line Drive, 6D, EV 107.5 MPH) Simon Barry to second
|
|
Batting: RHB Victor Acuna
|
0-0: Foul Ball, location: 2F 0-1: Ball 1-1: Foul Ball, location: 2F 1-2: Foul Ball, location: 2F 1-2: Grounds into double play, 1-6-3 (Groundball, 13S, EV 68.1 MPH)
|
| Bottom of the 6th over - 0 runs, 2 hits, 0 errors, 1 left on base; Niagara Falls 0 - Detroit 1 |
| TOP OF THE 7TH |
|
Niagara Falls Phantoms batting - Pitching for Detroit Red Wings : RHP Felipe Torres
|
|
Batting: RHB Chris Horton
|
0-0: Ball 1-0: Called Strike 1-1: Foul Ball, location: 2F 1-2: Foul Ball, location: 2F 1-2: Ball 2-2: Ball 3-2: Ground out 5-3 (Groundball, 56S, EV 85.0 MPH)
|
|
Batting: RHB Peter Frankel
|
0-0: Ball 1-0: Ball 2-0: Foul Ball, location: 2F 2-1: SOLO HOME RUN (Flyball, 78XD, EV 114.4 MPH), Distance : 433 ft
|
|
Batting: LHB Luis Ponce
|
0-0: Foul Ball, location: 2F 0-1: Foul Ball, location: 2F 0-2: Ball 1-2: Foul Ball, location: 2F 1-2: Strikes out swinging
|
|
Batting: SHB Bruce Shelton
|
0-0: Ball 1-0: Foul Ball, location: 2F 1-1: Swinging Strike 1-2: Foul Ball, location: 2F 1-2: Ball 2-2: Fly out, F8 (Flyball, 8LM, EV 89.4 MPH)
|
| Top of the 7th over - 1 run, 1 hit, 0 errors, 0 left on base; Niagara Falls 1 - Detroit 1 |
| BOTTOM OF THE 7TH |
|
Detroit Red Wings batting - Pitching for Niagara Falls Phantoms : RHP Gene Buxton
|
|
Batting: RHB Carlos Avila
|
0-0: Ball 1-0: Ball 2-0: Ball 3-0: Base on Balls
|
|
Batting: RHB Jason LeBlanc
|
0-0: Grounds into double play, 6-4-3 (Groundball, 6, EV 108.8 MPH)
|
|
Batting: SHB Bill Casal
|
0-0: Ball 1-0: Ball 2-0: Ball 3-0: Foul Ball, location: 2F 3-1: Base on Balls
|
|
Pitching: RHP Javy Gonzalez
|
|
|
Batting: RHB António Scarlett
|
0-0: Called Strike 0-1: Swinging Strike 0-2: Strikes out swinging
|
| Bottom of the 7th over - 0 runs, 0 hits, 0 errors, 1 left on base; Niagara Falls 1 - Detroit 1 |
| TOP OF THE 8TH |
|
Niagara Falls Phantoms batting - Pitching for Detroit Red Wings : RHP Felipe Torres
|
|
Pinch Hitting: RHB Todd Wolters
|
0-0: Ball 1-0: Ball 2-0: Fly out, F8 (Flyball, 8RXD, EV 96.2 MPH)
|
|
Batting: RHB Ben Underwood
|
0-0: Ball 1-0: Called Strike 1-1: Ball 2-1: Swinging Strike 2-2: Ball 3-2: Foul Ball, location: 2F 3-2: DOUBLE (Line Drive, 9LD, EV 107.5 MPH)
|
|
Pitching: RHP Ross Stagg
|
|
|
Pinch Hitting: RHB Ryan Book
|
0-0: Ball 1-0: TRIPLE (Flyball, 89XD, EV 106.9 MPH) Ben Underwood scores
|
|
Batting: RHB Alfredo Mendez
|
0-0: Fly out, F8 (Flyball, 8LXD, EV 85.0 MPH) Runner from 3rd tags up, SCORES, no throw by CF
|
|
Batting: LHB Pete Cook
|
0-0: Ball 1-0: Called Strike 1-1: Foul Ball, location: 2F 1-2: Foul Ball, location: 2F 1-2: Strikes out looking
|
| Top of the 8th over - 2 runs, 2 hits, 0 errors, 0 left on base; Niagara Falls 3 - Detroit 1 |
| BOTTOM OF THE 8TH |
|
Detroit Red Wings batting - Pitching for Niagara Falls Phantoms : RHP Javy Gonzalez
|
|
Now at 1B: Tim Ellenberger
|
|
|
Now at 3B: Brian Biordi
|
|
|
Now in RF: Tatsuro Hamasaki
|
|
|
Batting: LHB Duda Pinho
|
0-0: Foul Ball, location: 2F 0-1: Ball 1-1: Ball 2-1: Foul Ball, location: 2F 2-2: Foul Ball, location: 2F 2-2: Foul Ball, location: 2F 2-2: Ground out 6-3 (Groundball, 56, EV 84.4 MPH)
|
|
Pitching: LHP Jordan Cane
|
|
|
Pinch Hitting: RHB Dustin Bursell
|
0-0: Foul Ball, location: 2F 0-1: Fly out, F9 (Flyball, 9, EV 96.9 MPH)
|
|
Pitching: RHP Jeff Thiem
|
|
|
Pinch Hitting: LHB Iestyn Peacock
|
0-0: Ball 1-0: Foul Ball, location: 2F 1-1: SINGLE (Line Drive, 3D, EV 105.0 MPH)
|
|
Batting: SHB Salvador Lacosta
|
0-0: Ball 1-0: Fly out, F8 (Line Drive, 8LD, EV 89.4 MPH)
|
| Bottom of the 8th over - 0 runs, 1 hit, 0 errors, 1 left on base; Niagara Falls 3 - Detroit 1 |
| TOP OF THE 9TH |
|
Niagara Falls Phantoms batting - Pitching for Detroit Red Wings : RHP Ross Stagg
|
|
Pitching: RHP Sean Arnold
|
|
|
Now at 3B: Dustin Bursell
|
|
|
Now in LF: Iestyn Peacock
|
|
|
Batting: RHB Chris Horton
|
0-0: Swinging Strike 0-1: Ball 1-1: Foul Ball, location: 2F 1-2: Ball 2-2: Foul Ball, location: 2F 2-2: Ball 3-2: Ground out 6-3 (Groundball, 6, EV 92.5 MPH)
|
|
Batting: RHB Peter Frankel
|
0-0: Called Strike 0-1: Ground out 6-3 (Groundball, 6, EV 105.0 MPH)
|
|
Batting: LHB Luis Ponce
|
0-0: Ball 1-0: Ball 2-0: Ball 3-0: Called Strike 3-1: Foul Ball, location: 2F 3-2: SINGLE (Groundball, 4MD, EV 102.5 MPH)
|
|
Batting: SHB Bruce Shelton
|
0-0: Called Strike 0-1: Ball 1-1: Called Strike 1-2: Strikes out swinging
|
| Top of the 9th over - 0 runs, 1 hit, 0 errors, 1 left on base; Niagara Falls 3 - Detroit 1 |
| BOTTOM OF THE 9TH |
|
Detroit Red Wings batting - Pitching for Niagara Falls Phantoms : RHP Jeff Thiem
|
|
Pitching: RHP Ronnie Seymour
|
|
|
Pinch Hitting: SHB Isaiah Bias
|
0-0: Foul Ball, location: 2F 0-1: Ball 1-1: Swinging Strike 1-2: Foul Ball, location: 2F 1-2: SINGLE (Line Drive, 78M, EV 91.2 MPH)
|
|
Pinch Hitting: RHB George Sonier
|
0-0: Called Strike 0-1: Foul Ball, location: 2F 0-2: SINGLE (Line Drive, 8LS, EV 105.0 MPH) Isaiah Bias to second
|
|
Pinch Hitting: RHB Alejandro Tovar
|
0-0: Ball 1-0: Ball 2-0: Ball 3-0: Called Strike 3-1: Base on Balls Isaiah Bias to third George Sonier to second
|
|
Batting: SHB Bill Casal
|
0-0: Ball 1-0: Foul Ball, location: 2F 1-1: Ball 2-1: SINGLE (Groundball, 34D, EV 98.1 MPH) Isaiah Bias scores George Sonier to third Alejandro Tovar to second Runner from 3rd tries for Home, SAFE, throw by RF to home
|
|
Batting: RHB António Scarlett
|
0-0: Foul Ball, location: 2F 0-1: Ball 1-1: Called Strike 1-2: SINGLE (Groundball, 56, EV 94.4 MPH) Alejandro Tovar to third Bill Casal to second
|
|
Pitching: RHP Russ Rasmussen
|
|
|
Batting: LHB Duda Pinho
|
0-0: Foul Ball, location: 2F 0-1: Grounds into fielders choice 3-2 (Groundball, 34S, EV 83.8 MPH) Bill Casal to third António Scarlett to second
|
|
Batting: RHB Dustin Bursell
|
0-0: Fly out, F9 (Flyball, 9, EV 90.6 MPH)
|
|
Batting: LHB Iestyn Peacock
|
0-0: Ball 1-0: Foul Ball, location: 2F 1-1: Ground out 1-3 (Groundball, 15S, EV 70.6 MPH)
|
| Bottom of the 9th over - 2 runs, 4 hits, 0 errors, 3 left on base; Niagara Falls 3 - Detroit 3 |
| TOP OF THE 10TH |
|
Niagara Falls Phantoms batting - Pitching for Detroit Red Wings : RHP Sean Arnold
|
|
Now at C: George Sonier
|
|
|
Now at 1B: Tim Spence
|
|
|
Now at 2B: Roderick Speed
|
|
|
Pinch Hitting: RHB Hunter Uttley
|
0-0: Ball 1-0: Ball 2-0: Foul Ball, location: 2F 2-1: Swinging Strike 2-2: Ball 3-2: Fly out, F9 (Flyball, 9D, EV 66.2 MPH)
|
|
Batting: RHB Ben Underwood
|
0-0: Fly out, F9 (Flyball, 9, EV 90.6 MPH)
|
|
Batting: RHB Tatsuro Hamasaki
|
0-0: Ball 1-0: Foul Ball, location: 2F 1-1: Ball 2-1: Swinging Strike 2-2: Ground out 2-3 (Groundball, 2R, EV 68.1 MPH)
|
| Top of the 10th over - 0 runs, 0 hits, 0 errors, 0 left on base; Niagara Falls 3 - Detroit 3 |
|